 Dungeon Crawl Stone Soup version 0.21.1-1-g345015fe64 (webtiles) character file.

5262 Beholder179 the Slinger (level 10, 83/83 HPs)
             Began as a Human Hunter on June 30, 2018.
             Was an Initiate of Gozag.
             Quit the game on level 7 of the Dungeon.
             The game lasted 00:53:46 (12352 turns).

Beholder179 the Slinger (Human Hunter)             Turns: 12352, Time: 00:53:47

Health: 83/83      AC: 10    Str: 15    XL:     10   Next: 93%
Magic:  10/10      EV: 10    Int: 12    God:    Gozag
Gold:   1210       SH: 10    Dex: 14    Spells: 9/9 levels left

rFire    + . .     SeeInvis .   a - +1 hunting sling
rCold    . . .     Gourm    .   t - +0 buckler
rNeg     . . .     Faith    .   d - +2 scale mail {rF+}
rPois    .         Spirit   .   (no helmet)
rElec    .         Reflect  +   (no cloak)
rCorr    .         Harm     .   u - +1 pair of gloves
MR       .....                  (no boots)
Stlth    ..........             n - +5 amulet of reflection
HPRegen  0.23/turn              (no ring)
MPRegen  0.12/turn              (no ring)

@: no status effects
A: no striking features
a: Potion Petition, Call Merchant, Bribe Branch, Renounce Religion


You were on level 7 of the Dungeon.
You worshipped Gozag.
Gozag was most pleased with you.
You were hungry.

You visited 1 branch of the dungeon, and saw 9 of its levels.
You also visited: Bailey.

You collected 1498 gold pieces.
You spent 273 gold pieces at shops.
You paid 15 gold pieces to Gozag.

Inventory:

Hand Weapons
 a - a +1 hunting sling (weapon)
 b - a +2 hand axe of electrocution
Missiles
 l - 17 sling bullets (quivered)
 x - 89 stones
Armour
 d - a +2 scale mail of fire resistance (worn)
 t - a +0 buckler (worn)
 u - a +1 pair of gloves (worn)
 v - the +0 leather armour of the Blizzard {rPois Str+6}
   (You found it on level 6 of the Dungeon)

   It affects your strength (+6).
   It protects you from poison.
Jewellery
 n - a +5 amulet of reflection (around neck)
Wands
 g - a wand of flame (74)
 D - a wand of digging (19)
Scrolls
 m - 3 scrolls of remove curse
 o - 5 scrolls of teleportation
Potions
 e - a potion of might
 h - a potion of flight
 i - 4 potions of heal wounds
 j - a potion of mutation {unknown}
 p - 2 potions of curing
 q - 3 potions of ambrosia
 r - 3 potions of agility
 w - a potion of haste {unknown}
Comestibles
 f - 12 rations


   Skills:
 + Level 9.6 Fighting
 - Level 12.0 Slings
 - Level 2.0 Dodging
 - Level 1.0 Stealth
 - Level 4.0 Shields


You had 9 spell levels left.
You didn't know any spells.

Dungeon Overview and Level Annotations

Branches:
Dungeon (9/15)             Temple (0/1) D:5
   Lair: D:8-11         Orc: D:9-12

Altars:
Cheibriados
Dithmenos
Gozag
Kikubaaqudgha
Makhleb
Qazlal
Ru
Uskayaw
Xom

Shops:
D:8 !

Annotations:
D:2 exclusion: 2 downstairs
D:4 exclusion: downstairs
D:5 makkenr95's ghost, amateur DgFi


Message History

Done exploring.
Done exploring.
Done exploring.
Done exploring.
Unknown command.
There is a stone staircase leading up here.
You climb upwards.
There is a stone staircase leading down here.
A centaur comes into view.
The centaur shouts!
The centaur wields a shortbow.
The centaur shoots an arrow.
The arrow hits you but does no damage.
Quiver which item? (- for none, * to show all) (? for menu, Esc to quit)
Okay, then.
Unknown command.
Save game and exit?
Welcome back, Beholder179 the Human Hunter.
Gozag says: Greed is good.
Press ? for a list of commands and other information.
Are you sure you want to abandon this character and quit the game? (Confirm with "yes".)

#.#...#.####.###
####..............#
#..........####.#.#
#. #.......# #.#.#
. ####. ###...###
#.... .. #....
#...#### #####
##... #....
##.....# #.. .....
#....#####.....#
#.# ....#
#..@.........# #.#
....#
#.#.#####.....# #..
##..+ ... #.....#
#.. ##.. #.......#
#.. #c. #.#####.#
##. #..
#.#####.####. #.#
..........>.. #.
#.#..##.##### # $


You could see a centaur.

Vanquished Creatures
  A tengu warrior
  A centaur skeleton
  A hippogriff Sigmund Eustachio
  A vampire Duvessa
  2 orc warriors
  3 ice beasts
  A phantom
  4 sky beasts
  An ogre
  2 necrophages
  6 centaurs
  2 crocodiles
  2 big kobolds
  2 bullfrogs Blork the orc
  2 scorpions Dowan
  A water moccasin skeleton
  3 wights
  2 howler monkeys
  4 crimson imps
  2 hounds
  6 orc priests
  A bullfrog skeleton
  6 orc wizards
  Natasha (twice)
  An iguana
  10 worker ants Terence
  A howler monkey skeleton
  12 adders
  A gnoll
  A shadow imp
  An adder skeleton
  7 worms
  6 leopard geckos
  17 orcs
  3 ball pythons
  6 giant cockroaches
  8 hobgoblins
  9 jackals
  5 quokkas
  11 bats
  7 frilled lizards
  11 goblins
  16 kobolds
  A quokka skeleton
  6 rats
204 creatures vanquished.

Vanquished Creatures (others)
  2 kobolds
2 creatures vanquished.

Grand Total: 206 creatures vanquished

Notes
Turn   | Place    | Note
-------+----------+-------------------------------------------
     0 | D:1      | Beholder179 the Human Hunter began the quest for the Orb.
     0 | D:1      | Reached XP level 1. HP: 16/16 MP: 1/1
   245 | D:1      | Reached XP level 2. HP: 22/22 MP: 2/2
   817 | D:1      | Reached XP level 3. HP: 28/28 MP: 3/3
  1324 | D:2      | HP: 1/28 [leopard gecko (4)]
  1641 | D:2      | Reached XP level 4. HP: 26/34 MP: 4/4
  1747 | D:2      | Reached skill level 5 in Slings
  2088 | D:2      | Reached skill level 3 in Fighting
  2254 | D:2      | Found a shadowy altar of Dithmenos.
  2265 | D:2      | Noticed Natasha
  2276 | D:2      | Killed Natasha
  2276 | D:2      | Reached XP level 5. HP: 41/41 MP: 5/5
  2450 | D:2      | Noticed Natasha
  2462 | D:2      | Killed Natasha
  2756 | D:2      | Found an ancient bone altar of Kikubaaqudgha.
  2903 | D:2      | Found an opulent altar of Gozag.
  2915 | D:2      | Became a worshipper of Gozag Ym Sagoz the Greedy
  3582 | D:3      | Reached skill level 6 in Slings
  3660 | D:3      | Reached XP level 6. HP: 41/47 MP: 6/6
  3663 | D:3      | Found a sacrificial altar of Ru.
  4000 | D:3      | Found a faded altar of an unknown god.
  4022 | D:3      | Reached skill level 4 in Fighting
  4240 | D:3      | Noticed Terence
  4259 | D:3      | Killed Terence
  4619 | D:4      | Found a burning altar of Makhleb.
  4654 | D:4      | Reached XP level 7. HP: 50/54 MP: 7/7
  4693 | D:4      | Reached skill level 7 in Slings
  5289 | D:4      | Reached skill level 1 in Shields
  5724 | D:5      | Entered Level 5 of the Dungeon
  5740 | D:5      | Noticed Sigmund
  5749 | D:5      | Killed Sigmund
  5749 | D:5      | Reached skill level 5 in Fighting
  5749 | D:5      | Reached skill level 2 in Shields
  5749 | D:5      | Reached XP level 8. HP: 56/62 MP: 8/8
  5874 | D:5      | Noticed Blork the orc
  5892 | D:5      | Killed Blork the orc
  5985 | D:5      | Noticed makkenr95's ghost (amateur DgFi)
  6219 | D:5      | Found a staircase to the Ecumenical Temple.
  6528 | D:5      | Noticed Eustachio
  6706 | D:5      | Killed Eustachio
  6706 | D:5      | Reached skill level 8 in Slings
  6706 | D:5      | Reached skill level 3 in Shields
  7526 | D:6      | Reached skill level 6 in Fighting
  7842 | D:6      | Found a hide-covered altar of Uskayaw.
  7877 | D:6      | Reached skill level 4 in Shields
  7877 | D:6      | Reached XP level 9. HP: 56/66 MP: 9/9
  8177 | D:6      | Reached skill level 7 in Fighting
  8177 | D:6      | Reached skill level 9 in Slings
  8302 | D:6      | Got a steaming leather armour
  8313 | D:6      | Identified the cursed +0 leather armour of the Blizzard {rPois Str+6} (You found it on level 6 of the Dungeon)
  8376 | D:6      | Found a snail-covered altar of Cheibriados.
  8430 | D:6      | Noticed Dowan
  8731 | D:6      | Noticed Duvessa
  8760 | D:6      | Killed Dowan
  8764 | D:6      | Killed Duvessa
  9364 | D:7      | Noticed a hippogriff
  9377 | D:7      | Killed a hippogriff
  9377 | D:7      | Reached skill level 8 in Fighting
  9377 | D:7      | Reached skill level 10 in Slings
  9610 | D:7      | You fall through a shaft for 2 floors!
  9610 | D:9      | Found a stormy altar of Qazlal.
  9673 | D:9      | Reached XP level 10. HP: 72/80 MP: 10/10
  9729 | D:9      | Found a shimmering altar of Xom.
  9734 | D:9      | Noticed a four-headed hydra
  9914 | D:9      | Noticed a two-headed ogre
 10517 | D:8      | Reached skill level 11 in Slings
 10669 | D:8      | Found a flagged portal.
 10681 | Bailey   | Entered a bailey
 10705 | Bailey   | Noticed an orc knight
 10952 | D:8      | Found Coacuel's Distillery.
 10962 | D:8      | Bought a potion of curing for 39 gold pieces
 10962 | D:8      | Bought a potion of might for 52 gold pieces
 10962 | D:8      | Bought a potion of heal wounds for 65 gold pieces
 10962 | D:8      | Bought a potion of heal wounds for 65 gold pieces
 10962 | D:8      | Bought a potion of agility for 52 gold pieces
 11299 | D:8      | Reached skill level 9 in Fighting
 11693 | D:8      | Noticed a tengu warrior
 11714 | D:8      | Killed a tengu warrior
 11952 | D:8      | Reached skill level 12 in Slings
 12352 | D:7      | Quit the game

Skill      XL: |  1  2  3  4  5  6  7  8  9 10 |
---------------+-------------------------------+-----
Slings         | 5 6 7 8 10 12 | 12.0
Fighting       | 3 4 5 6 8 9 |  9.6
Shields        | 2 4 |  4.0
Dodging        | |  2.0
Stealth        | |  1.0

Action                   |  1- 3 |  4- 6 |  7- 9 | 10-12 || total
-------------------------+-------+-------+-------+-------++-------
Melee: Short sword       |    74 |    31 |       |       ||   105
       Unarmed           |       |     1 |       |       ||     1
       Rapier            |       |   100 |   110 |   120 ||   330
       Hand axe          |       |       |       |    16 ||    16
 Fire: Hunting sling     |    36 |   160 |   348 |   232 ||   776
Invok: Potion Petition   |       |       |     1 |       ||     1
Evoke: Wand              |       |       |    16 |     8 ||    24
  Use: Scroll            |       |     2 |    11 |    10 ||    23
       Potion            |       |       |     1 |     4 ||     5
 Stab: Sleeping          |     2 |     3 |       |       ||     5
  Eat: Chunk             |     2 |     5 |       |       ||     7
       Ration            |       |     1 |     5 |     2 ||     8
Armor: Leather armour    |    40 |    50 |       |       ||    90
       Scale mail        |       |    11 |    90 |    94 ||   195
Dodge: Dodged            |    63 |   142 |   111 |    72 ||   388
Block: Buckler           |       |       |    54 |   132 ||   186
       Reflection        |       |       |       |    23 ||    23
